AoeStats
← dopey

Arabia

506018962Analyzed
4v4 RM · 21d ago on Sep 12, 2026· 59m 40s· 8 players
Game mode
Random Map
Map size
Large (8 player)
Population
200
Speed
Normal
Resources
Standard
Victory
Conquest
Starting age
Dark Age
Ending age
Imperial Age
RankedLock teamsTeams togetherTeam positionsShared explorationLock speedFull tech treeHidden civsTurbo modeCheats
Victory
Defeat
🇨🇦 Aztecs · Canada
1133
+15
🇺🇸 Japanese · United States
1088
+17
🇺🇸 Saracens · United States
1043
+19
🇨🇦 Bohemians · Canada
968
+23
🇲🇽 Italians · Mexico
1134
-19
🇲🇽 Dravidians · Mexico
1129
-19
🇺🇸 Huns · United States
1126
-19
🇨🇴 Turks · Colombia
1070
-17
PuneMahaWarrior
6:50 Loom
9:38 Feudal Age
10:19 Double-Bit Axe
11:23 Horse Collar
17:38 Wheelbarrow
20:59 Castle Age
18:54 Gold Mining
20:20 Bloodlines
21:16 Scale Barding Armor
22:22 Chain Barding Armor
22:26 Bow Saw
23:57 Forging
25:50 Husbandry
27:07 Iron Casting
30:57 Hand Cart
30:27 Town Watch
34:34 Gold Shaft Mining
37:36 Imperial Age
34:33 Light Cavalry
36:14 Marauders
38:16 Gold Shaft Mining
39:00 Plate Barding Armor
40:22 Conscription
40:22 Hussar
42:36 Fletching
44:02 Parthian Tactics
43:35 Bodkin Arrow
43:57 Thumb Ring
44:55 Bracer
49:59 Ballistics
50:40 Chemistry
51:48 Blast Furnace
50:17 Heavy Cavalry Archer
51:47 Padded Archer Armor
54:31 Leather Archer Armor
CC182
7:45 Loom
12:24 Feudal Age
12:58 Town Watch
13:02 Horse Collar
13:10 Double-Bit Axe
23:03 Castle Age
35:10 Bow Saw
35:02 Gold Mining
35:35 Caravan
49:18 Imperial Age
47:29 Heavy Plow
49:47 Bloodlines
50:40 Husbandry
50:58 Murder Holes
52:01 Bombard Tower
53:17 Masonry
53:22 Treadmill Crane
55:58 Ballistics
56:08 Architecture
VL Neyten
8:45 Loom
10:45 Feudal Age
13:09 Horse Collar
22:02 Castle Age
28:44 Double-Bit Axe
29:04 Heavy Plow
30:11 Bow Saw
30:57 Gold Mining
31:25 Fletching
33:47 Bodkin Arrow
35:42 Ballistics
36:23 Padded Archer Armor
37:41 Leather Archer Armor
40:03 Wheelbarrow
39:14 Town Watch
47:34 Imperial Age
46:57 Herbal Medicine
48:10 Hand Cart
49:45 Bracer
50:17 Ring Archer Armor
49:40 Town Watch
52:22 Elite Genoese Crossbowman
[VL]marcowearsprada
7:52 Loom
10:39 Feudal Age
11:41 Double-Bit Axe
15:15 Town Watch
16:21 Wheelbarrow
23:16 Castle Age
21:43 Horse Collar
22:42 Stone Mining
23:38 Forging
23:31 Scale Mail Armor
25:34 Iron Casting
26:14 Chain Mail Armor
27:54 Gold Mining
30:06 Town Watch
36:50 Hand Cart
39:30 Imperial Age
38:47 Fletching
38:41 Pikeman
39:49 Squires
39:45 Halberdier
40:48 Arson
42:00 Gambesons
43:13 Bow Saw
43:20 Heavy Plow
44:59 Blast Furnace
44:40 Ballistics
47:36 Wootz Steel
51:16 Two-Man Saw
50:57 Bodkin Arrow
51:07 Padded Archer Armor
50:48 Elite Skirmisher
52:24 Thumb Ring
54:01 Chemistry
sleepy
10:01 Feudal Age
9:46 Loom
10:45 Double-Bit Axe
14:46 Forging
21:11 Castle Age
20:32 Horse Collar
20:44 Gold Mining
23:05 Bow Saw
23:02 Heavy Plow
23:41 Gold Shaft Mining
23:40 Bloodlines
24:17 Scale Barding Armor
26:59 Iron Casting
26:39 Stone Mining
27:53 Pikeman
30:04 Chain Barding Armor
31:00 Squires
37:34 Husbandry
41:53 Scale Mail Armor
44:54 Chain Mail Armor
48:06 Imperial Age
49:01 Fletching
51:09 Blast Furnace
50:45 Plate Barding Armor
50:41 Plate Mail Armor
49:51 Heavy Camel Rider
52:32 Conscription
53:43 Bodkin Arrow
53:49 Padded Archer Armor
53:15 Elite Skirmisher
54:01 Thumb Ring
dopey
7:36 Loom
9:54 Feudal Age
10:24 Double-Bit Axe
10:42 Horse Collar
19:24 Castle Age
18:01 Scale Mail Armor
20:19 Bow Saw
20:11 Heavy Plow
20:00 Eagle Warrior
20:44 Squires
20:56 Forging
25:49 Chain Mail Armor
36:02 Imperial Age
40:22 Conscription
41:08 Plate Mail Armor
41:26 Wheelbarrow
41:18 Elite Eagle Warrior
44:47 Hand Cart
44:18 Town Watch
44:34 Fletching
50:31 Arson
53:46 Iron Casting
58:00 Garland Wars
yarnmuon
6:41 Loom
10:06 Feudal Age
11:18 Man-at-Arms
15:20 Double-Bit Axe
21:11 Castle Age
19:38 Horse Collar
20:03 Fletching
20:49 Scale Mail Armor
21:45 Arson
22:12 Bodkin Arrow
23:23 Bow Saw
22:49 Crossbowman
27:37 Wheelbarrow
31:46 Heavy Plow
38:59 Imperial Age
36:49 Gold Mining
37:43 Ballistics
38:50 Padded Archer Armor
40:02 Bracer
40:12 Thumb Ring
41:18 Arbalester
42:14 Capped Ram
43:10 Pikeman
45:52 Halberdier
46:49 Chain Mail Armor
48:28 Stone Mining
49:00 Forging
49:23 Town Watch
51:06 Chemistry
51:37 Plate Mail Armor
54:38 Squires
57:11 Conscription
icweiner6969
2:53 Loom
13:46 Feudal Age
14:17 Double-Bit Axe
15:13 Wheelbarrow
14:36 Horse Collar
24:39 Castle Age
24:30 Scale Mail Armor
24:33 Padded Archer Armor
24:24 Fletching
24:08 Man-at-Arms
25:42 Hand Cart
26:27 Heavy Plow
26:24 Pikeman
30:44 Chain Mail Armor
41:07 Imperial Age
39:09 Forging
41:11 Halberdier
43:28 Plate Mail Armor
44:10 Squires
43:56 Arson
45:03 Iron Casting
46:09 Conscription
47:21 Conscription
48:07 Elite Hussite Wagon
Connection lost

Rejoining the realm…

Still unreachable

The connection could not be restored.

Session expired

The server has moved on; the page needs a fresh start.